 Dungeon Crawl Stone Soup version 0.25-a0-294-gea9b1ad378 (webtiles) character file.

Game seed: 4992608922997223287, levelgen mode: classic

126581 Borgoz the Tortoise (level 16, -3/104 HPs)
             Began as a Gargoyle Fighter on Dec 17, 2019.
             Was a High Priest of Okawaru.
             Slain by an alligator (15 damage)
             ... led by an alligator
             ... on level 1 of the Swamp.
             The game lasted 01:14:24 (29786 turns).

Borgoz the Tortoise (Gargoyle Fighter)             Turns: 29786, Time: 01:14:25

Health: -3/104     AC: 31    Str: 26    XL:     16   Next: 99%
Magic:  0/23       EV: 18    Int: 10    God:    Okawaru [*****.]
Gold:   2497       SH: 20    Dex: 12    Spells: 18/19 levels left

rFire    + . .     SeeInvis +   a - +4 demon whip (elec)
rCold    + . .     Gourm    .   c - +0 shield
rNeg     + . .     Faith    .   T - +3 scale mail {rC+}
rPois    ∞         Spirit   +   (no helmet)
rElec    +         Reflect  +   N - scarf {Spirit}
rCorr    .         Harm     .   r - +0 pair of gloves {archery}
MR       +....                  K - +1 pair of boots of Spite {Str+3}
Stlth    +.........             b - +5 amulet of reflection
HPRegen  0.27/turn              V - ring of protection from fire
MPRegen  0.18/turn              x - ring of see invisible

@: heroism, flying
A: big wings, negative energy resistance 1, electricity resistance, unbreathing,
petrification resistance, rot immunity, AC +12
a: Stop Flying, Heroism, Finesse, Renounce Religion


You were on level 1 of the Swamp.
You worshipped Okawaru.
Okawaru was extremely pleased with you.
You were not hungry.

You visited 5 branches of the dungeon, and saw 25 of its levels.
You also visited: Sewer, Ossuary and Gauntlet.

You collected 2833 gold pieces.
You spent 336 gold pieces at shops.

Inventory:

Hand Weapons
 a - a +4 demon whip of electrocution (weapon)
 X - a +3 demon whip of flaming
Missiles
 Q - 3 throwing nets (quivered)
Armour
 c - a +0 shield (worn)
 r - a +0 pair of gloves of archery (worn)
 K - the +1 pair of boots of Spite (worn) {Str+3}
   (Okawaru gifted it to you on level 4 of the Lair of Beasts)

   It affects your strength (+3).
 N - a scarf of spirit shield (worn)
 T - a +3 scale mail of cold resistance (worn)
Jewellery
 b - a +5 amulet of reflection (around neck)
 p - an uncursed ring of protection from cold
 u - an uncursed ring of ice
 x - a ring of see invisible (right hand)
 H - an uncursed ring of protection from fire
 I - an uncursed ring of resist corrosion
 L - an uncursed ring of protection from magic
 V - a ring of protection from fire (left hand)
Wands
 j - a wand of paralysis (12)
 t - a wand of clouds (8)
 A - a wand of iceblast (22)
 B - a wand of acid (13)
 F - a wand of disintegration (9)
 J - a wand of digging (7)
 U - a wand of scattershot (8)
Scrolls
 h - a scroll of silence
 m - a scroll of identify
 q - 4 scrolls of fear
 v - 4 scrolls of remove curse
 w - a scroll of blinking
 C - 5 scrolls of teleportation
 P - a scroll of summoning
 Z - 3 scrolls of magic mapping
Potions
 d - 9 potions of might
 e - 5 potions of ambrosia
 g - 5 potions of haste
 i - 20 potions of curing
 l - a potion of berserk rage
 n - 4 potions of heal wounds
 o - 5 potions of agility
 s - 2 potions of cancellation
 G - 3 potions of resistance
Comestibles
 f - 37 rations
 k - 3 chunks of flesh


   Skills:
 + Level 13.2(18.2) Fighting
 * Level 14.7(19.7) Maces & Flails
 * Level 16.0(21.0) Armour
 + Level 9.0(14.0) Dodging
 + Level 12.0(17.0) Shields
 + Level 2.2 Spellcasting
 + Level 2.2 Hexes
 - Level 10.1 Invocations
 + Level 2.4 Evocations


You had 18 spell levels left.
You knew the following spells:

 Your Spells              Type           Power        Failure   Level  Hunger
a - Confusing Touch       Hex            #.....       19%         1    ##.....

Your spell library contained the following spells:

 Spells                   Type           Power        Failure   Level  Hunger
 Corona                   Hex            #......      19%         1    ##.....
 Slow                     Hex            #.......     28%         2    ###....
 Animate Skeleton         Necr           N/A          43%         1    ##.....
 Apportation              Tloc           #.....       43%         1    ##.....
 Foxfire                  Conj/Fire      #...         43%         1    ##.....
 Freeze                   Ice            #...         43%         1    ##.....
 Pain                     Necr           #...         43%         1    ##.....
 Sandblast                Erth           #.....       43%         1    ##.....
 Summon Small Mammal      Summ           #...         43%         1    ##.....
 Corpse Rot               Necr/Air       N/A          58%         2    ###....
 Passwall                 Tmut/Erth      #.......     58%         2    ###....
 Song of Slaying          Chrm           #.......     58%         2    ###....
 Inner Flame              Hex/Fire       #.......     65%         3    ####...
 Portal Projectile        Hex/Tloc       #.....       65%         3    ####...
 Conjure Flame            Conj/Fire      #.......     82%         3    ####...
 Ozocubu's Armour         Chrm/Ice       #.......     82%         3    ####...
 Regeneration             Chrm/Necr      #.........   82%         3    ####...
 Stone Arrow              Conj/Erth      #.....       82%         3    ####...
 Vampiric Draining        Necr           #.........   82%         3    ####...
 Cause Fear               Hex            #.........   88%         4    #####..
 Leda's Liquefaction      Hex/Erth       #.........   96%         4    #####..
 Animate Dead             Necr           N/A          99%         4    #####..
 Hailstorm                Conj/Ice       #.......     99%         4    #####..
 Petrify                  Tmut/Erth      #.......     99%         4    #####..
 Sticky Flame             Conj/Fire      #.......     99%         4    #####..
 Summon Ice Beast         Ice/Summ       #.......     99%         4    #####..
 Fireball                 Conj/Fire      #.........   100%        5    ######.
 Lee's Rapid Deconstruct  Erth           #.........   100%        5    ######.
 Silence                  Hex/Air        #.........   100%        5    ######.
 Summon Forest            Summ/Tloc      #.........   100%        5    ######.
 Yara's Violent Unravell  Hex/Tmut       #.........   100%        5    ######.
 Deflect Missiles         Chrm/Air       #.........   100%        6    #######
 Eringya's Noxious Bog    Tmut/Pois      #.........   100%        6    #######
 Hydra Form               Tmut           #.........   100%        6    #######
 Summon Hydra             Summ           #.........   100%        7    #######
 Discord                  Hex            #.........   100%        8    #######


Dungeon Overview and Level Annotations

Branches:
Dungeon (15/15)            Temple (1/1) D:4            Lair (6/6) D:8
  Swamp (1/4) Lair:4       Spider (0/4) Lair:3        Slime (0/5) Lair:5
    Orc (2/2) D:11            Elf (0/3) Orc:2        Vaults (0/5) D:13
 Depths (0/5) D:15          Sewer (visited)         Ossuary (visited)
Gauntlet (visited)

Altars:
Ashenzari
Cheibriados
Dithmenos
Elyvilon
Fedhas
Gozag
Hepliaklqana
Kikubaaqudgha
Makhleb
Nemelex Xobeh
Okawaru
Qazlal
Ru
Sif Muna
Trog
Uskayaw
Vehumet
Wu Jian
Xom
Yredelemnul
Zin
The Shining One
Beogh
Jiyva

Shops:
D:7 }   D:8 %   Orc:2 ?%:(

Portals:
Pandemonium: Orc:2


Innate Abilities, Weirdness & Mutations

You are resistant to torment.
Your stone body is resilient. (AC +12)
You are immune to poison.
Your large and strong wings let you fly indefinitely.
You resist negative energy. (rN+)
You are resistant to electric shocks. (rElec)
You can survive without breathing.
You are immune to petrification.
You are immune to rotting.


Message History

The alligator is moderately wounded.
You block the alligator's attack.
The alligator tail-slaps you but does no damage.
You whack the alligator!
Lightning courses through the alligator!
The alligator is heavily wounded.
You block the alligator's attack. The alligator completely misses you.
The alligator bites you!!
* * * LOW HITPOINT WARNING * * *
The alligator completely misses you.
You whack the alligator!
Lightning courses through the alligator!
The alligator is almost dead.
The alligator completely misses you. You block the alligator's attack. x2
The alligator barely misses you.
You whack the alligator!
You kill the alligator!
Okawaru accepts your kill. The alligator bites you!
You die...

.≈....# ... ..
.....# .#.. .≈.
....####...
...##.........
......#.....#
.≈.......♣..###.
♣........t......
♣.###.†@.......
♣.#.#.♣t.≈≈.#..
§..
♣♣♣.#...♣♣♣≈..#
♣≈. ♣♣.♣.....♣
≈..# ..≈
♣.≈.....♣♣ ....
≈≈ .. ♣.§.≈≈..♣
≈≈..♣.≈≈ ###
♣♣..≈≈♣.♣
≈.♣.≈≈≈ ##..
♣≈...♣♣♣♣ ♣♣♣
≈♣♣..... ♣≈..
♣♣....♣♣♣♣♣.♣♣
≈.≈...#.♣≈.♣


You could see 2 alligators.

Vanquished Creatures
  Kirke (Lair:4)
  2 thorn hunters (Swamp:1)
  A frost giant (D:15)
  A balrug (Gauntlet)
  Aizul (Swamp:1)
  The ghost of Lanoc the Fetichist, a journeyman DDAr of Gozag (Orc:1)
  A minotaur (Gauntlet)
  The ghost of Jetofeiwo the Cleaver, a journeyman DsFi of Qazlal (D:12)
  A yaktaur captain (D:13)
  Snorg (Lair:6)
  Harold (Lair:1)
  4 hydras
  3 catoblepae
  5 two-headed ogres
  3 centaur warriors
  A deep troll earth mage (D:14)
  14 death yaks
  4 alligators (Swamp:1)
  2 sun demons (Orc:2)
  10 hell knights (D:15)
  7 orc high priests (Orc:2)
  The ghost of mopl the Black Sun, a novice DsNe of Kikubaaqudgha (D:9)
  Sonja (Lair:5)
  3 sixfirhies
  3 slime creatures (D:14)
  A torturous demonspawn (Orc:2)
  A swamp dragon (Swamp:1)
  A gelid demonspawn (Orc:2)
  5 unseen horrors
  4 lindwurms (Lair:4)
  3 wizards
  A necromancer (D:14)
  5 orc knights
  2 cyclopes (D:15)
  10 ugly things
  2 deep elf magi (D:14)
  A wolf spider (D:13)
  5 orc sorcerers
  3 manticores
  An oklob plant (Lair:4)
  20 elephants
  4 black mambas
  Maurice (D:11)
  28 spiny frogs
  3 kobold demonologists (D:14)
  2 yaktaurs (D:13)
  A rime drake (Lair:6)
  3 tengu conjurers (D:14)
  An efreet (D:14)
  8 komodo dragons
  A red devil (Orc:2)
  3 trolls
  A queen bee (Gauntlet)
  2 hornets
  2 bog bodies (Swamp:1)
  4 tyrant leeches (Lair:6)
  A harpy skeleton (D:14)
  11 hippogriffs
  29 blink frogs
  A hippogriff (shapeshifter) (D:13)
  A vampire (D:11)
  A wraith (D:14)
  2 wyverns
  53 yaks
  A basilisk (Lair:5)
  A hungry ghost (D:12)
  4 swamp worms (Swamp:1)
  2 chaos spawn (Orc:2)
  13 vampire mosquitoes
  A warg (Orc:2)
  8 hell hounds
  10 water moccasins
  7 porcupines
  34 orc warriors
  A swamp drake (Swamp:1)
  Purgy (Sewer)
  2 ice beasts
  9 ogres
  2 eyes of draining
  3 phantoms
  2 boggarts (D:14)
  11 centaurs
  A necrophage (D:11)
  8 crocodiles
  9 big kobolds
  25 bullfrogs
  A gnoll sergeant (D:8)
  A wyvern skeleton (D:14)
  8 scorpions
  14 killer bees
  9 wights
  3 electric eels
  3 howler monkeys
  3 vampire bats (D:2)
  10 crimson imps
  A bullfrog zombie (D:12)
  7 hounds
  3 jellies
  5 centaur skeletons
  Crazy Yiuf (D:6)
  25 orc priests
  Jessica (D:3)
  3 bullfrog skeletons
  A gnoll shaman (D:5)
  Terence (D:2)
  2 iguanas
  18 orc wizards
  3 worker ants
  A hound skeleton (D:4)
  A hound zombie (D:3)
  8 mummies (Ossuary)
  4 worker ant zombies
  10 gnolls
  11 adders
  7 shadow imps
  4 ufetubi (Gauntlet)
  2 oozes
  An adder zombie (D:9)
  2 worms (D:2)
  2 dart slugs
  6 leopard geckos
  75 orcs
  2 bat skeletons (D:2)
  4 bat zombies (D:2)
  12 giant cockroaches
  A gnoll zombie (Ossuary)
  5 goblins
  17 hobgoblins
  26 jackals
  47 kobolds
  8 quokkas
  A ball python (D:2)
  20 bats
  6 frilled lizards
  3 hobgoblin zombies (Ossuary)
  A jackal zombie (D:2)
  4 orc zombies (Ossuary)
  5 rats
  2 briar patches (Swamp:1)
  A fungus (Gauntlet)
  A plant (D:8)
879 creatures vanquished.

Vanquished Creatures (others)
  A deep elf mage (D:14)
  2 briar patches (Swamp:1)
  16 fungi
  52 plants
  11 toadstools (Swamp:1)
82 creatures vanquished.

Grand Total: 961 creatures vanquished

Notes
Turn   | Place    | Note
-------+----------+-------------------------------------------
     0 | D:1      | Borgoz the Gargoyle Fighter began the quest for the Orb.
     0 | D:1      | Reached XP level 1. HP: 14/14 MP: 1/1
   148 | D:1      | Reached XP level 2. HP: 19/19 MP: 2/2
   802 | D:1      | Reached XP level 3. HP: 21/23 MP: 3/3
   808 | D:2      | Noticed Terence
   952 | D:2      | Killed Terence
   952 | D:2      | Reached XP level 4. HP: 23/29 MP: 4/4
  1155 | D:2      | Reached skill level 4 in Armour
  1473 | D:2      | Found an ancient bone altar of Kikubaaqudgha.
  1477 | D:2      | Reached skill level 1 in Dodging
  1477 | D:2      | Reached XP level 5. HP: 30/33 MP: 5/5
  1491 | D:2      | Reached XP level 6. HP: 36/39 MP: 6/6
  1848 | D:3      | Found an iron altar of Okawaru.
  1850 | D:3      | Found a shimmering altar of Xom.
  1850 | D:3      | Found a shimmering altar of Xom.
  1852 | D:3      | Found a shattered altar of Ashenzari.
  1852 | D:3      | Found a shimmering blue altar of Sif Muna.
  1852 | D:3      | Found a shimmering altar of Xom.
  2183 | D:3      | Noticed Jessica
  2188 | D:3      | Killed Jessica
  2725 | D:3      | Reached skill level 5 in Fighting
  2812 | D:4      | Found a basalt altar of Yredelemnul.
  2836 | D:4      | Noticed a hippogriff
  2854 | D:4      | Killed a hippogriff
  2854 | D:4      | Reached skill level 5 in Armour
  2854 | D:4      | Reached XP level 7. HP: 19/44 MP: 7/7
  3028 | D:4      | Found a staircase to the Ecumenical Temple.
  3069 | Temple   | Entered the Ecumenical Temple
  3373 | D:4      | Found a sparkling altar of Nemelex Xobeh.
  3449 | D:4      | HP: 2/45 [something/puff of flame (7)]
  3894 | D:4      | Reached XP level 8. HP: 42/51 MP: 8/8
  4105 | D:4      | Reached skill level 6 in Armour
  4115 | D:4      | Reached skill level 5 in Maces & Flails
  4392 | D:5      | Entered Level 5 of the Dungeon
  4531 | D:5      | Found a glowing drain.
  4550 | D:5      | Reached skill level 5 in Shields
  4563 | Sewer    | Entered a sewer
  4603 | Sewer    | Noticed Purgy
  4610 | Sewer    | Killed Purgy
  5562 | D:6      | Found a snail-covered altar of Cheibriados.
  5579 | D:6      | Reached skill level 7 in Armour
  5579 | D:6      | Reached XP level 9. HP: 57/57 MP: 9/9
  5851 | D:6      | Found an iron altar of Okawaru.
  5851 | D:6      | Found a glowing golden altar of the Shining One.
  5855 | D:6      | Became a worshipper of Warmaster Okawaru
  6177 | D:6      | Found a runed translucent door.
  6178 | D:6      | Noticed Crazy Yiuf
  6337 | D:6      | Killed Crazy Yiuf
  6424 | D:7      | Found Ysonage's Gadget Boutique.
  6948 | D:7      | Found a shimmering blue altar of Sif Muna.
  7168 | D:7      | Reached * piety under Okawaru
  7168 | D:7      | Reached skill level 1 in Invocations
  7988 | D:8      | Noticed a death yak
  8024 | D:8      | Found a stormy altar of Qazlal.
  8024 | D:8      | Found a shimmering blue altar of Sif Muna.
  8040 | D:8      | Found a sand-covered staircase.
  8049 | Ossuary  | Entered an ossuary
  8417 | D:8      | Found Bufiolos's Food Boutique.
  8452 | D:8      | Noticed a death yak
  8452 | D:8      | Noticed a death yak
  8484 | D:7      | Killed a death yak
  8484 | D:7      | Reached skill level 8 in Armour
  8484 | D:7      | Reached XP level 10. HP: 17/64 MP: 9/11
  8774 | D:8      | Noticed a two-headed ogre
  9002 | D:9      | Found a runed translucent gate.
  9004 | D:9      | Found a runed translucent gate.
  9004 | D:9      | Noticed a nine-headed hydra
  9004 | D:9      | Noticed mopl's ghost (novice DsNe)
  9006 | D:9      | Found a runed translucent gate.
  9064 | D:9      | Reached ** piety under Okawaru
  9455 | D:8      | Found a glowing silver altar of Zin.
  9581 | D:9      | Reached skill level 9 in Armour
  9806 | D:9      | Reached *** piety under Okawaru
 10097 | D:10     | Entered Level 10 of the Dungeon
 10147 | D:10     | Reached XP level 11. HP: 39/71 MP: 11/13
 10532 | D:10     | Reached **** piety under Okawaru
 10757 | D:11     | Found a roughly hewn altar of Beogh.
 10803 | D:11     | Found a gate leading to a gauntlet.
 10816 | Gauntlet | Entered a Gauntlet
 10816 | Gauntlet | Found a transporter.
 10816 | Gauntlet | Found a transporter.
 10816 | Gauntlet | Noticed a tengu warrior
 10824 | Gauntlet | Noticed a sixfirhy
 11012 | Gauntlet | Found a transporter.
 11016 | Gauntlet | Found a transporter.
 11025 | Gauntlet | Noticed a tengu warrior
 11026 | Gauntlet | Found a transporter.
 11030 | Gauntlet | Found a transporter.
 11038 | Gauntlet | Noticed a sixfirhy
 11039 | Gauntlet | Noticed a sixfirhy
 11040 | Gauntlet | Found a transporter.
 11040 | Gauntlet | Noticed a sixfirhy
 11049 | Gauntlet | Noticed a sixfirhy
 11061 | Gauntlet | Found a transporter.
 11061 | Gauntlet | Noticed a balrug
 11078 | Gauntlet | Found a transporter.
 11082 | Gauntlet | Found a transporter.
 11092 | Gauntlet | Found a transporter.
 11096 | Gauntlet | Found a transporter.
 11178 | Gauntlet | Killed a sixfirhy
 11178 | Gauntlet | Reached skill level 10 in Armour
 11630 | Gauntlet | Killed a balrug
 11630 | Gauntlet | Reached ***** piety under Okawaru
 11630 | Gauntlet | Reached skill level 5 in Dodging
 11701 | Gauntlet | Got a vibrating amber ring
 11706 | Gauntlet | Identified the cursed ring "Futhrubij" {rElec rPois AC-2
                  | Dex+2 SInv} (You found it in a Gauntlet)
 11891 | Gauntlet | Noticed a minotaur
 11922 | Gauntlet | Killed a minotaur
 12312 | D:11     | Reached skill level 5 in Invocations
 12327 | D:11     | Noticed an unseen horror
 12329 | D:11     | Noticed an unseen horror
 12351 | D:11     | Killed an unseen horror
 12367 | D:11     | Killed an unseen horror
 12367 | D:11     | Received a gift from Okawaru
 12642 | D:11     | Reached XP level 12. HP: 77/77 MP: 15/15
 12669 | D:11     | Reached skill level 10 in Fighting
 12816 | D:11     | Noticed Maurice
 12823 | D:11     | Killed Maurice
 12916 | D:11     | Found a staircase to the Orcish Mines.
 12940 | D:11     | Reached skill level 11 in Armour
 13048 | D:10     | Received a gift from Okawaru
 13083 | D:9      | Killed a nine-headed hydra
 13083 | D:9      | Reached skill level 10 in Maces & Flails
 13089 | D:9      | Killed mopl's ghost
 13108 | D:9      | Got a crystal war axe
 13110 | D:9      | Identified the +4 war axe of Wiaj {chop, rElec} (You found
                  | it on level 9 of the Dungeon)
 13179 | D:8      | Killed a death yak
 13192 | D:8      | Killed a death yak
 13397 | D:8      | Found a staircase to the Lair.
 13507 | D:8      | Killed a two-headed ogre
 13507 | D:8      | Received a gift from Okawaru
 14078 | D:7      | Bought a wand of digging (8) for 336 gold pieces
 14160 | Lair:1   | Entered Level 1 of the Lair of Beasts
 14361 | Lair:1   | Noticed Harold
 14377 | Lair:1   | Killed Harold
 14960 | Lair:2   | Got a faintly humming leather armour
 15040 | Lair:1   | Identified the +1 leather armour of the King of the Hill
                  | {rPois Int+3} (You found it on level 2 of the Lair of
                  | Beasts)
 15116 | Lair:2   | Reached ****** piety under Okawaru
 15215 | Lair:2   | Reached skill level 12 in Armour
 15215 | Lair:2   | Reached XP level 13. HP: 49/83 MP: 11/17
 15245 | Lair:2   | Received a gift from Okawaru
 16118 | Lair:3   | Found a hole to the Spider Nest.
 16496 | Lair:3   | Received a gift from Okawaru
 16524 | Lair:3   | Got a pair of bloodstained gloves {god gift}
 16552 | Lair:3   | Identified the +1 pair of gloves "Furisheb" {rF- Dex+7}
                  | (Okawaru gifted it to you on level 3 of the Lair of Beasts)
 16935 | Lair:4   | Found a staircase to the Swamp.
 17087 | Lair:4   | Identified Sif Muna's Reference Book on Self-Improvement
 17546 | Lair:5   | Reached skill level 13 in Armour
 18305 | Lair:5   | Noticed Sonja
 18310 | Lair:5   | Gained mutation: Your large and strong wings let you fly
                  | indefinitely. [Gargoyle growth]
 18310 | Lair:5   | Reached XP level 14. HP: 79/90 MP: 16/19
 18320 | Lair:5   | Killed Sonja
 18344 | Lair:5   | Identified a scroll of acquirement
 18374 | Lair:5   | Found a basalt altar of Yredelemnul.
 18549 | Lair:5   | Noticed Kirke
 18595 | Lair:4   | Received a gift from Okawaru
 18595 | Lair:4   | Reached skill level 10 in Shields
 18773 | Lair:5   | Noticed a sphinx
 18814 | Lair:4   | Killed Kirke
 18814 | Lair:4   | Received a gift from Okawaru
 18815 | Lair:4   | Got a pair of smoking boots {god gift}
 18822 | Lair:4   | Identified the +1 pair of boots of Spite {Str+3} (Okawaru
                  | gifted it to you on level 4 of the Lair of Beasts)
 19382 | Lair:5   | Found a viscous altar of Jiyva.
 19382 | Lair:5   | Found a staircase to the Slime Pits.
 19588 | Lair:6   | Entered Level 6 of the Lair of Beasts
 19827 | Lair:6   | Received a gift from Okawaru
 19841 | Lair:6   | Reached skill level 14 in Armour
 20324 | Lair:6   | Reached XP level 15. HP: 37/96 MP: 13/21
 20852 | Lair:6   | Got a faintly humming chain mail {god gift}
 20863 | Lair:6   | Identified the +1 chain mail of Sefog {-Cast +Inv Slay+2}
                  | (Okawaru gifted it to you on level 6 of the Lair of Beasts)
 21071 | Lair:6   | Received a gift from Okawaru
 21377 | Lair:6   | Noticed Snorg
 21386 | Lair:6   | Killed Snorg
 22074 | D:12     | Found a runed translucent gate.
 22075 | D:12     | Found a runed translucent gate.
 22075 | D:12     | Found a runed translucent gate.
 22075 | D:12     | Noticed Jetofeiwo's ghost (journeyman DsFi)
 22075 | D:12     | Identified the +11 great sword of Fedhas's Favour {freeze,
                  | Str+5 Int-5 Dex+4}
 22075 | D:12     | Identified the +2 chain mail of Articulation {+Blink +Fly}
 22394 | D:12     | Found a roughly hewn altar of Beogh.
 22440 | D:12     | Killed Jetofeiwo's ghost
 22507 | D:12     | Got a pair of ancient boots
 22518 | D:12     | Identified the cursed -5 pair of boots of Freedom {-Cast
                  | rElec rC++ rCorr} (You found it on level 12 of the Dungeon)
 22973 | D:13     | Found a gate to the Vaults.
 23310 | D:14     | Received a gift from Okawaru
 23491 | D:14     | You are sucked into a shaft and drop 1 floor!
 23491 | D:15     | Entered Level 15 of the Dungeon
 23587 | D:15     | Reached skill level 15 in Armour
 24241 | D:14     | Found a shattered altar of Ashenzari.
 24433 | D:14     | Found a radiant altar of Vehumet.
 24437 | D:14     | Found a transporter.
 24644 | D:15     | Found a glowing golden altar of the Shining One.
 24695 | D:15     | Found a staircase to the Depths.
 24695 | D:15     | Noticed a frost giant
 24707 | D:15     | Killed a frost giant
 24707 | D:15     | Reached XP level 16. HP: 86/103 MP: 20/23
 25093 | D:15     | Reached skill level 10 in Invocations
 25536 | D:14     | Received a gift from Okawaru
 25570 | D:14     | Paralysed by an orc sorcerer for 4 turns
 26047 | D:14     | Found a transporter.
 26568 | D:14     | Got a pair of smoking boots
 26780 | Lair:1   | Identified the +0 pair of boots of Relativism {Stlth+} (You
                  | found it on level 14 of the Dungeon)
 26895 | Orc:1    | Entered Level 1 of the Orcish Mines
 26895 | Orc:1    | Found a bloodstained altar of Trog.
 26932 | Orc:1    | Learned a level 1 spell: Confusing Touch
 27119 | Orc:2    | Entered Level 2 of the Orcish Mines
 27317 | Orc:2    | Found a staircase to the Elven Halls.
 27545 | Orc:2    | Found Poox's Magic Scroll Boutique.
 27561 | Orc:2    | Found Docsiroe's Food Shop.
 27821 | Orc:2    | Reached skill level 1 in Evocations
 28149 | Orc:2    | Reached skill level 1 in Spellcasting
 28167 | Orc:2    | Reached skill level 1 in Hexes
 28329 | Orc:2    | Found Kimurai's Book Emporium.
 28329 | Orc:2    | Found a one-way gate leading to the halls of Pandemonium.
 28329 | Orc:2    | Found Sakoskut's Antique Weapon Shoppe.
 28628 | Orc:1    | Found a runed translucent door.
 28642 | Orc:1    | Noticed Lanoc's ghost (journeyman DDAr)
 28683 | Orc:1    | Killed Lanoc's ghost
 29083 | Swamp:1  | Entered Level 1 of the Swamp
 29224 | Swamp:1  | Received a gift from Okawaru
 29262 | Swamp:1  | Noticed a thorn hunter
 29272 | Swamp:1  | Killed a thorn hunter
 29329 | Swamp:1  | Noticed a thorn hunter
 29351 | Swamp:1  | Killed a thorn hunter
 29351 | Swamp:1  | Reached skill level 16 in Armour
 29745 | Swamp:1  | Noticed Aizul
 29781 | Swamp:1  | Killed Aizul
 29786 | Swamp:1  | Slain by an alligator

Levels and vault maps discovered:
D:1:      minmay_arrival_semitransparent, layout_basic
D:2:      layout_loops_ring, kennysheep_vampire_church, uniq_terence
D:3:      minmay_roachtagon, layout_basic, doesnt_xom_only_xom, minivault_11,
          uniq_jessica
D:4:      cheibrodos_thug_alley, layout_basic, lemuel_round_altar,
          temple_fountains, first_ration, kennysheep_diamond,
          nemelex_spade_bored_becter
D:5:      kb_forest_paths, layout_basic, portal_sewer_entry_a
D:6:      layout_rooms, gammafunk_temple_overflow_wave, cheibriados_altar_1,
          uniq_crazy_yiuf_cottage
D:7:      layout_layer_cave, serial_shops, shop, led_sif_book
D:8:      kennysheep_housing_project, layout_cave_pools,
          overflow_temple_1_default, chequers_temple_overflow_statue_of_worship,
          dpeg_lair_monsters, nicolae_ossuary_entry_ruins, serial_shops, shop,
          grunt_ogre_cave, dk_noncrumbling_3
D:9:      layout_basic, gammafunk_ghost_hydra_chop
D:10:     layout_basic
D:11:     layout_loops_ring, david_orc_5, serial_glass, glass_columns_c,
          glass_columns_a, glass_columns_b, glass_columns_a, glass_columns_a,
          glass_columns_a, gauntlet_entry_generic, uniq_maurice
D:12:     layout_basic, biasface_ghost_orc_armoury
D:13:     minmay_skewed_foursquare, layout_irregular_city, david_vaults_2
D:14:     gammafunk_sealed_library, layout_basic, drop_trap, nrook_campfire,
          minmay_crystal_room, nicolae_ashenzari_panopticon
D:15:     grunt_enter_depths_snipers, layout_basic,
          nicolae_tso_swordbearing_angel, minmay_misc_feat_encased,
          serial_bayou_lagoon_a, minmay_rotating_lava
Temple:   eino_narrow_crystal_temple
Lair:1:   layout_gridlike, uniq_harold
Lair:2:   layout_loops_ring, grunt_megastairs_1, infiniplex_staircase_pool
Lair:3:   layout_loops_ring, spider_nest_entry_web_field
Lair:4:   layout_cave_pods, minmay_swamp_entry_swarm, minmay_lindwurm_lava
Lair:5:   layout_small_grid, dpeg_slime_entry_enclosed_altar,
          lemuel_altar_in_water2, uniq_kirke, uniq_sonja
Lair:6:   minmay_lair_end_frog_pond, layout_misc_corridors, uniq_snorg
Swamp:1:  cheibrodos_swamp_tower_of_moss, layout_basic_swamp,
          evilmike_swamp_ruin_rubble_2, uniq_aizul
Orc:1:    layout_diamond_mine, ebering_ghost_reflecting_pool, bloody_trog
Orc:2:    pf_orc_diabolical, layout_caves

Skill      XL: |  1  2  3  4  5  6  7  8  9 10 11 12 13 14 15 16 |
---------------+-------------------------------------------------+-----
Fighting       | 4 5 7 8 9 10 11 12 13 | 13.2
Armour         | 4 5 7 8 9 10 12 13 14 15 16 | 16.0
Maces & Flails | 3 4 5 7 8 9 10 12 13 14 | 14.7
Dodging        | 1 2 3 4 5 6 7 8 9 |  9.0
Shields        | 4 5 6 7 9 10 11 12 | 12.0
Invocations    | 2 3 5 6 7 8 9 10 | 10.1
Evocations     | 2 |  2.4
Spellcasting   | 2 |  2.2
Hexes          | 2 |  2.2

Action                   |  1- 3 |  4- 6 |  7- 9 | 10-12 | 13-15 | 16-18 || total
-------------------------+-------+-------+-------+-------+-------+-------++-------
Melee: Flail             |   106 |   326 |   542 |   522 |       |       ||  1496
       Demon whip        |       |       |       |   412 |  1506 |   650 ||  2568
       Eveningstar       |       |       |       |    16 |       |       ||    16
Throw: Throwing net      |       |     1 |     1 |     1 |       |       ||     3
Invok: Heroism           |       |       |     1 |     7 |    10 |     7 ||    25
       Finesse           |       |       |       |     1 |     1 |     1 ||     3
 Abil: Fly               |       |       |       |       |     1 |       ||     1
Evoke: Wand              |       |       |     3 |     1 |     9 |     1 ||    14
  Use: Potion            |       |       |     6 |     3 |     2 |     1 ||    12
       Scroll            |       |       |    12 |    11 |    16 |     7 ||    46
 Stab: Held in net/web   |       |       |     1 |       |       |       ||     1
       Petrified         |       |       |       |       |     6 |       ||     6
  Eat: Chunk             |       |     7 |    12 |    19 |    28 |     6 ||    72
       Ration            |       |       |     2 |     1 |     1 |     3 ||     7
Armor: Scale mail        |    83 |   249 |   375 |   359 |   257 |   130 ||  1453
       Chain mail        |       |       |       |       |   150 |    67 ||   217
Dodge: Dodged            |    47 |   169 |   160 |   311 |   512 |   244 ||  1443
Block: Shield            |    80 |   248 |   322 |   524 |   717 |   512 ||  2403
       Reflection        |       |       |       |       |     2 |     7 ||     9

Table legend:
 A = Non-vault XP
 B = Vault XP
 C = Vault XP percentage of total XP
 D = Non-vault monster count
 E = Vault monster count
 F = Vault count percentage of total count
                 A         B        C        D         E       F
            +---------+---------+-------+---------+---------+-------
      Total |   99407 |   81423 |  45.0 |     554 |     322 |  36.8
            +---------+---------+-------+---------+---------+-------
        D:1 |      41 |       0 |   0.0 |      22 |       0 |   0.0
        D:2 |      72 |     212 |  74.6 |      25 |      10 |  28.6
        D:3 |     174 |      53 |  23.3 |      29 |       9 |  23.7
        D:4 |     811 |     218 |  21.2 |      27 |      13 |  32.5
        D:5 |     357 |     271 |  43.2 |      16 |       7 |  30.4
        D:6 |     743 |      39 |   5.0 |      12 |       1 |   7.7
        D:7 |     664 |    1147 |  63.3 |      30 |       4 |  11.8
        D:8 |    1100 |    3540 |  76.3 |       6 |      36 |  85.7
        D:9 |    3431 |    1808 |  34.5 |      32 |       2 |   5.9
       D:10 |    2961 |       0 |   0.0 |      33 |       0 |   0.0
       D:11 |    3501 |    1066 |  23.3 |      38 |      22 |  36.7
       D:12 |    3135 |    2442 |  43.8 |      24 |      12 |  33.3
       D:13 |    5586 |    3582 |  39.1 |      30 |       8 |  21.1
       D:14 |   10616 |    7350 |  40.9 |      21 |      16 |  43.2
       D:15 |    4777 |   11667 |  70.9 |      11 |      20 |  64.5
     Lair:1 |    1764 |    1013 |  36.5 |       9 |       1 |  10.0
     Lair:2 |    6736 |     397 |   5.6 |      24 |       1 |   4.0
     Lair:3 |    6716 |       0 |   0.0 |      26 |       0 |   0.0
     Lair:4 |    6414 |    6009 |  48.4 |      18 |      12 |  40.0
     Lair:5 |    8861 |    1313 |  12.9 |      27 |       3 |  10.0
     Lair:6 |   20451 |   10862 |  34.7 |      49 |      41 |  45.6
    Swamp:1 |    8615 |    3885 |  31.1 |      16 |       2 |  11.1
      Orc:1 |     924 |    1389 |  60.1 |      18 |       1 |   5.3
      Orc:2 |     957 |   18482 |  95.1 |      11 |      67 |  85.9
      Sewer |       0 |     139 | 100.0 |       0 |       6 | 100.0
    Ossuary |       0 |     151 | 100.0 |       0 |      16 | 100.0
   Gauntlet |       0 |    4388 | 100.0 |       0 |      12 | 100.0
            +---------+---------+-------+---------+---------+-------
